 Dungeon Crawl Stone Soup version 0.17-a0-622-g12d63cc (webtiles) character file.

263 Kisielow the Covered (level 5, 0/47 HPs)
             Began as a Minotaur Fighter on Apr 16, 2015.
             Killed by divine providence
             ... invoked by an orc priest
              (15 damage)
             ... on level 4 of the Dungeon.
             The game lasted 00:06:30 (2201 turns).

Kisielow the Covered (Minotaur Fighter)             Turns: 2201, Time: 00:06:30

Health: 0/47       AC: 10    Str: 21    XL:     5   Next: 97%
Magic:  4/4        EV:  6    Int:  5    God:
Gold:   131        SH: 10    Dex: 10    Spells: 0 memorised, 4 levels left

rFire  . . .     SeeInvis .     a - +0 long sword
rCold  . . .     Clarity  .     l - +0 chain mail
rNeg   . . .     SustAb   .     c - +0 shield
rPois  .         Gourm    .     (helmet restricted)
rElec  .         Spirit   .     (no cloak)
rCorr  .         Warding  .     (no gloves)
rMut   .         Stasis   .     (no boots)
MR     .....                    (no amulet)
Stlth  ..........               (no ring)
                                (no ring)

@: not resistant to hostile enchantments, extremely unstealthy
A: retaliatory headbutt, horns 2
a: no special abilities


You were on level 4 of the Dungeon.
You were not hungry.

You visited 1 branch of the dungeon, and saw 4 of its levels.

You collected 131 gold pieces.

Inventory:

Hand weapons
 a - a +0 long sword (weapon)
Armour
 c - a +0 shield (worn)
 l - a +0 chain mail (worn)
Magical devices
 r - a wand of flame (34)
 t - a wand of magic darts (32)
 u - a wand of slowing (6)
Scrolls
 b - a scroll of teleportation {unknown}
 f - a scroll of random uselessness {unknown}
 g - 2 scrolls of blinking {unknown}
 h - 2 scrolls of identify {unknown}
 k - 2 scrolls of remove curse {unknown}
 q - a scroll of enchant armour {unknown}
 s - a scroll of recharging {unknown}
 y - a scroll of magic mapping {unknown}
Potions
 e - 4 potions of might
 j - a potion of poison {unknown}
 m - 2 potions of curing {unknown}
 p - 2 potions of agility {unknown}
 v - a potion of cure mutation {unknown}
 x - a potion of cancellation {unknown}
 z - a potion of brilliance {unknown}
Books
 o - a book of Enchantments

   Spells                             Type                      Level
   a - Cause Fear                     Hexes                        4
   b - Silence                        Hexes/Air                    5
   c - Deflect Missiles               Charms/Air                   6
   d - Haste                          Charms                       6
   e - Discord                        Hexes                        8
Comestibles
 d - 2 bread rations
 i - a beef jerky
 n - 13 chunks of flesh
 w - a meat ration


   Skills:
 * Level 4.8 Fighting
 * Level 3.5 Long Blades
 * Level 5.6 Armour
 * Level 5.3 Shields


You had 4 spell levels left.
You didn't know any spells.

Dungeon Overview and Level Annotations

Branches:
Dungeon (4/15)
 Temple: D:4-7

Altars:
Elyvilon
Okawaru


Innate Abilities, Weirdness & Mutations

You reflexively headbutt those who attack you in melee.
You have a pair of horns on your head.


Message History

The magic dart hits you!
You closely miss the orc wizard.
The orc wizard is heavily wounded.
The orc priest hits you with a mace of protection.
The orc wizard hits you but does no damage.
You hit the orc wizard. Your headbutt misses the orc wizard.
The orc wizard is severely wounded.
You block the orc wizard's attack.
The orc priest invokes the aid of Beogh against you.
Something smites you!
You hit the orc wizard but do no damage.
The orc wizard is severely wounded.
The orc wizard hits you but does no damage.
The orc priest invokes the aid of Beogh against you.
Pain shoots through your body! The orc wizard casts a spell at you.
You resist with some effort.
The orc priest invokes the aid of Beogh against you.
Something smites you!
You die...

. ..##...
......#
#.....#
.....#
.....##
#.....##
#o.....##
#@o.....#
#........#
#...##....
...## #..
.#### . ##


You could see an orc priest and an orc wizard.

Vanquished Creatures
  2 orc wizards (D:3)
  Terence (D:3)
  Natasha (thrice) (D:3)
  A gnoll (D:1)
  6 adders
  2 oozes (D:2)
  4 giant geckos
  10 orcs (D:3)
  2 giant cockroaches
  8 hobgoblins
  6 jackals
  A quokka (D:2)
  4 bats
  5 giant newts
  8 goblins
  3 kobolds
  3 rats
69 creatures vanquished.

Notes
Turn   | Place    | Note
--------------------------------------------------------------
     0 | D:1      | Kisielow, the Minotaur Fighter, began the quest for the Orb.
     0 | D:1      | Reached XP level 1. HP: 19/19 MP: 0/0
   127 | D:1      | Reached skill level 4 in Fighting
   127 | D:1      | Reached XP level 2. HP: 21/27 MP: 1/1
   754 | D:1      | Reached XP level 3. HP: 33/33 MP: 2/2
   814 | D:2      | Found a white marble altar of Elyvilon.
  1074 | D:2      | Reached XP level 4. HP: 40/40 MP: 3/3
  1553 | D:3      | Reached skill level 5 in Shields
  1553 | D:3      | Reached XP level 5. HP: 21/47 MP: 4/4
  1556 | D:3      | Reached skill level 5 in Armour
  1709 | D:3      | Noticed Terence
  1713 | D:3      | Noticed Natasha
  1734 | D:3      | Killed Terence
  1738 | D:3      | Killed Natasha
  1763 | D:3      | Found an iron altar of Okawaru.
  1770 | D:3      | Noticed Natasha
  1781 | D:3      | Killed Natasha
  1791 | D:3      | Noticed Natasha
  1793 | D:3      | Killed Natasha
  2201 | D:4      | Killed from afar by an orc priest

Action                   |  1- 3 |  4- 6 || total
-------------------------+-------+-------++-------
Melee: Long sword        |    59 |   135 ||   194
  Eat: Chunk             |       |     5 ||     5
